 Dungeon Crawl Stone Soup version 0.27-a0-1277-g3808f8b1c9 (webtiles) character file.

Game seed: 11383143677816616507

72 Essalna the Digger (level 4, -3/24 HPs)
             Began as a Gargoyle Earth Elementalist on June 12, 2021.
             Slain by a killer bee (6 damage)
             ... on level 4 of the Dungeon.
             The game lasted 00:02:54 (550 turns).

Essalna the Digger (Gargoyle Earth Elementalist)     Turns: 550, Time: 00:02:54

Health: -3/24      AC:  5    Str: 11    XL:     4   Next: 26%
Magic:  3/8        EV: 11    Int: 17    God:
Gold:   0          SH:  0    Dex: 10    Spells: 8/9 levels left

rFire    . . .     SeeInvis .   e - +0 halberd
rCold    . . .     Faith    .   (shield currently unavailable)
rNeg     + . .     Spirit   .   c - +0 robe
rPois    ∞         Reflect  .   (no helmet)
rElec    +         Harm     .   (no cloak)
rCorr    .         Rampage  .   (no gloves)
Will     .....                  (no boots)
Stlth    ++........             (no amulet)
HPRegen  0.08/turn              (no ring)
MPRegen  0.11/turn              (no ring)

@: no status effects
A: sickness immunity, AC +3, negative energy resistance 1, electricity
resistance, torment resistance 1, petrification resistance
a: no special abilities


You were on level 4 of the Dungeon.
You visited 1 branch of the dungeon, and saw 4 of its levels.

Inventory:

Hand Weapons
 a - a +0 club
 e - a +0 halberd (weapon)
Missiles
 b - 12 stones
Armour
 c - a +0 robe (worn)
Potions
 d - a potion of attraction {unknown}
 f - a potion of heal wounds {unknown}


   Skills:
 - Level 1.5 Dodging
 - Level 2.1 Stealth
 + Level 3.2 Spellcasting
 - Level 0.7 Transmutations
 + Level 4.9 Earth Magic


You had 8 spell levels left.
You knew the following spells:

 Your Spells              Type           Power      Damage    Failure   Level
a - Sandblast             Erth           38%        2d10      2%          1

Your spell library contained the following spells:

 Spells                   Type           Power      Damage    Failure   Level
 Passwall                 Tmut/Erth      10%        N/A       9%          2
 Stone Arrow              Conj/Erth      22%        3d8       19%         3
 Petrify                  Tmut/Erth      12%        N/A       47%         4
 Lee's Rapid Deconstruct  Erth           9%         3d8*      52%         5


Dungeon Overview and Level Annotations

Branches:
Dungeon (4/15)
 Temple: D:4-7

Altars:
Elyvilon
Uskayaw


Innate Abilities, Weirdness & Mutations

You are immune to sickness and miasma.
Your stone body is resilient. (AC +3)
You are immune to poison.
You resist negative energy. (rN+)
You are resistant to electric shocks. (rElec)
You are resistant to unholy torment.
You are immune to petrification.


Message History

A killer bee comes into view.
Casting: Sandblast (safe; 3% risk of failure)
Confirm with . or Enter, or press ? or * to list all spells.
Aiming: Sandblast (safe; 3% risk of failure)
Press: ? - help, Shift-Dir - straight line, f - killer bee
Aim: a killer bee (wandering, hasn't noticed you, 58% to hit)
The blast of sand misses the killer bee.
The killer bee buzzes angrily.
You hear an angry buzzing noise. x2
Casting: Sandblast (safe; 3% risk of failure)
Confirm with . or Enter, or press ? or * to list all spells.
Aiming: Sandblast (safe; 3% risk of failure)
Press: ? - help, Shift-Dir - straight line, f/p - killer bee
Aim: a killer bee (58% to hit)
The blast of sand hits the killer bee!
The killer bee is severely wounded.
You hear an angry buzzing noise.
The killer bee stings you.
* * * LOW HITPOINT WARNING * * *
The killer bee barely misses you.
You hear an angry buzzing noise.
Casting: Sandblast (safe; 3% risk of failure)
Confirm with . or Enter, or press ? or * to list all spells.
Aiming: Sandblast (safe; 3% risk of failure)
Press: ? - help, Shift-Dir - straight line, f/p - killer bee
Aim: a killer bee (severely wounded, 58% to hit)
The blast of sand hits the killer bee.
You kill the killer bee!
The killer bee stings you.
* * * LOW HITPOINT WARNING * * *
Your Spellcasting skill increases to level 3!
You have reached level 4!
You feel clever.
Casting: Sandblast (safe; 2% risk of failure)
Confirm with . or Enter, or press ? or * to list all spells.
Aiming: Sandblast (safe; 2% risk of failure)
Press: ? - help, Shift-Dir - straight line, f - killer bee
Aim: a killer bee (58% to hit)
The blast of sand misses the killer bee.
The killer bee closely misses you. The killer bee stings you.
You die...

...#.......
#.##......
###..#..... #
###........#
#.##.....$....## .
.........†.....##..
#...........!......
#.#.<..#........
#†.###@...$#..
.....# #y.......
........ .........
....y.....#........
#........##........
#..##.#.###........
### ..#.. ......#.#
# ......#.#


You could see a killer bee.

Vanquished Creatures
  A killer bee (D:4)
  A gnoll (D:2)
  An adder (D:4)
  2 ball pythons
  2 jackals (D:1)
  A kobold (D:1)
  A quokka (D:4)
  A bat (D:4)
  A goblin (D:1)
11 creatures vanquished.

Notes
Turn   | Place    | Note
-------+----------+-------------------------------------------
     0 | D:1      | Essalna the Gargoyle Earth Elementalist began the quest for
                  | the Orb.
     0 | D:1      | Reached XP level 1. HP: 10/10 MP: 3/3
   308 | D:2      | Found a white marble altar of Elyvilon.
   348 | D:2      | Reached skill level 4 in Earth Magic
   348 | D:2      | Reached XP level 2. HP: 15/15 MP: 0/5
   388 | D:3      | Found a hide-covered altar of Uskayaw.
   399 | D:4      | Reached XP level 3. HP: 6/19 MP: 4/7
   544 | D:4      | Noticed a killer bee
   546 | D:4      | Noticed a killer bee
   549 | D:4      | Killed a killer bee
   550 | D:4      | Reached XP level 4. HP: 3/24 MP: 4/8
   550 | D:4      | Slain by a killer bee

Illustrated notes

Levels and vault maps discovered:
D:1:      lightli_molten_gateway, layout_basic
D:2:      minmay_general_purpose_star, layout_basic, basic_altar,
          shapermc_ecumenical_altar_mp_vishouse, uniq_terence
D:3:      layout_basic, eat_drink_and_be_merry_uskayaw, zin_scriptorium,
          nemelex_spade_bored_becter, minmay_misc_feat_doors,
          chequers_serial_rivers_micro_c, minmay_misc_feat_columns,
          kennysheep_generic_room_9
D:4:      layout_cave_pools, minitemple, minmay_temple_entry_glass,
          serial_shops, shop, serial_bayou_crossing, uniq_natasha

Skill      XL: |  1  2  3 |
---------------+----------+-----
Earth Magic    | 4 |  4.9
Spellcasting   | 3 |  3.2
Dodging        | |  1.5
Stealth        | |  2.1
Transmutations | |  0.7

Action                   |  1- 3 |  4- 6 || total
-------------------------+-------+-------++-------
Melee: Halberd           |     8 |       ||     8
 Cast: Sandblast         |    17 |     1 ||    18
Armor: Robe              |    13 |       ||    13
Dodge: Dodged            |    38 |     1 ||    39

Table legend: (Time is in decaauts)
 A = Elapsed time spent in this place.
 B = Non-inter-level travel time spent in this place.
 C = Inter-level travel time spent in this place.
 D = Time resting spent in this place.
 E = Time spent auto-exploring this place.
 F = Levels seen in this place.
 G = Mean time per level.
                   A        B        C        D        E       F      G
               +--------+--------+--------+--------+--------+-----+--------+
         Total |    552 |    542 |     10 |      0 |    394 |   4 |  138.0 |
       Dungeon |    552 |    542 |     10 |      0 |    394 |   4 |  138.0 |
               +--------+--------+--------+--------+--------+-----+--------+

Top non-repeatable levels by time:
     D:2: 300 daAuts
     D:4: 156 daAuts
     D:1: 87 daAuts
     D:3: 8 daAuts
